 Dungeon Crawl Stone Soup version 0.29.0-4-gdea44cf6ec (webtiles) character file.

Game seed: 3949669920596344896

94 qw the Chopper (level 4, 0/28 HPs)
             Began as a Gargoyle Fighter on Sept 4, 2022.
             Slain by Duvessa
             ... wielding a +0 short sword
              (4 damage)
             ... on level 4 of the Dungeon.
             The game lasted 00:01:09 (2922 turns).

qw the Chopper (Gargoyle Fighter)                   Turns: 2922, Time: 00:01:10

Health: 0/28       AC: 12    Str: 21    XL:     4   Next: 63%
Magic:  4/4        EV:  7    Int:  9    God:
Gold:   201        SH:  4    Dex:  9    Spells: 3/3 levels left

rFire   . . .      SeeInvis .   Y - +1 war axe
rCold   . . .      Faith    .   c - +0 buckler
rNeg    + . .      Spirit   .   f - +0 chain mail
rPois   inf        Reflect  .   (no helmet)
rElec   +          Harm     .   (no cloak)
rCorr   .          Rampage  .   (no gloves)
Will    .....                   (no boots)
Stlth   ..........              (no amulet)
HPRegen 0.09/turn               (no ring)
MPRegen 0.09/turn               (no ring)

@: no status effects
A: sickness immunity, AC +3, negative energy resistance 1, electricity
resistance, torment resistance 1, petrification resistance
a: no special abilities


You were on level 4 of the Dungeon.
You visited 1 branch of the dungeon, and saw 4 of its levels.

You collected 201 gold pieces.


Innate Abilities, Weirdness & Mutations

You are immune to sickness and miasma.
Your stone body is resilient. (AC +3)
You are immune to poison.
You resist negative energy. (rN+)
You are resistant to electric shocks. (rElec)
You are resistant to unholy torment.
You are immune to petrification.


   Skills:
 - Level 3.2 Fighting
 + Level 4.3 Axes
 - Level 3.2 Armour
 - Level 3.2 Shields


You had 3 spell levels left.
You didn't know any spells.
Your spell library was empty.

Inventory:

Hand Weapons
 g - a +0 whip
 Y - a +1 war axe (weapon)
Armour
 c - a +0 buckler (worn)
 f - a +0 chain mail (worn)
Jewellery
 j - a ring of fire
Scrolls
 i - a scroll of identify
Potions
 b - a potion of flight {unknown}
 d - 3 potions of might
 e - a potion of haste {unknown}
 k - a potion of ambrosia {unknown}
 l - a potion of curing {unknown}

Dungeon Overview and Level Annotations

Branches:
Dungeon (4/15)
 Temple: D:4-7

Altars:

Shops:
D:1 :

Annotations:
D:4 Dowan, Duvessa


Message History

Duvessa hits you but does no damage.
You barely miss Duvessa. Duvessa barely misses you.
You closely miss Duvessa.
Dowan points at Duvessa and mumbles some strange words.
Duvessa seems to speed up.
Duvessa hits you but does no damage.
You hit Duvessa.
Duvessa is lightly wounded.
You block Duvessa's attack. Duvessa hits you but does no damage.
You hit Duvessa but do no damage.
Duvessa is lightly wounded.
Duvessa hits you but does no damage. Duvessa hits you with a +0 short sword.
You slash Duvessa!
Duvessa is heavily wounded.
Duvessa says, "My weaknesses are his strengths!"
Duvessa closely misses you. Duvessa barely misses you.
You closely miss Duvessa.
Duvessa is moderately wounded.
Duvessa hits you but does no damage. Duvessa hits you with a +0 short sword.
You barely miss Duvessa.
Duvessa is moderately wounded.
Duvessa hits you with a +0 short sword. Duvessa hits you but does no damage.
Dowan casts a spell.
Dowan blinks!
You hit Duvessa.
Duvessa is heavily wounded.
Duvessa hits you but does no damage. x2
You hit Duvessa.
Duvessa is severely wounded.
Duvessa hits you with a +0 short sword.
You barely miss Duvessa.
Duvessa is severely wounded.
Duvessa hits you with a +0 short sword. x2
You slash Duvessa!
Duvessa is almost dead.
You block Duvessa's attack. Duvessa hits you but does no damage.
You hit Duvessa but do no damage.
Duvessa is almost dead.
Duvessa hits you with a +0 short sword.
You die...

### #..
#.# #.#
#.# #<#
#.###.###.
#.@ee.....
#####.####


You could see Duvessa (fast) and Dowan.

Vanquished Creatures
  3 adders
  2 worms (D:2)
  2 dart slugs
  5 endoplasms
  2 giant cockroaches
  A goblin (D:2)
  5 hobgoblins
  7 jackals
  2 quokkas
  5 ball pythons
  7 bats
  3 frilled lizards
  7 kobolds
  6 rats
57 creatures vanquished.

Notes
Turn   | Place    | Note
-------+----------+-------------------------------------------
     0 | D:1      | qw the Gargoyle Fighter began the quest for the Orb.
     0 | D:1      | Reached XP level 1. HP: 14/14 MP: 1/1
     0 | D:1      | 0 ||| qw: Version: 0.1-a-102-g441f92d
     0 | D:1      | 0 ||| qw: Game counter: 5313
     0 | D:1      | 0 ||| qw: Always use a shield: true
     0 | D:1      | 0 ||| qw: God list: Okawaru
     0 | D:1      | 0 ||| qw: Allow faded altars: false
     0 | D:1      | 0 ||| qw: Do Orc after D:15 true
     0 | D:1      | 0 ||| qw: Do second Lair branch before Depths: true
     0 | D:1      | 0 ||| qw: Lair rune preference: random
     0 | D:1      | 0 ||| qw: Plans: Normal
     0 | D:1      | 0 ||| PLANNING D:1-11
    45 | D:1      | Found a faded altar of an unknown god.
    94 | D:1      | Found Dupsat's Book Shop.
   128 | D:1      | Reached skill level 2 in Axes
   469 | D:1      | Reached XP level 2. HP: 19/19 MP: 2/2
  1015 | D:1      | 1015 ||| UPGRADING to +0 chain mail.
  1025 | D:1      | 1025 ||| DROPPING +0 scale mail.
  1026 | D:1      | 1026 ||| READING scroll labelled IMICHI MIGERE.
  1075 | D:2      | 1075 ||| Stepping ~*~*~tactically~*~*~ (stealth).
  1078 | D:2      | 1078 ||| Stepping ~*~*~tactically~*~*~ (stealth).
  1084 | D:2      | Reached skill level 3 in Axes
  1087 | D:2      | Reached XP level 3. HP: 22/23 MP: 3/3
  1259 | D:2      | 1259 ||| Stepping ~*~*~tactically~*~*~ (stealth).
  1314 | D:2      | 1314 ||| FLEEEEING.
  1315 | D:2      | 1315 ||| FLEEEEING.
  1316 | D:2      | 1316 ||| FLEEEEING.
  1610 | D:2      | 1610 ||| Stepping ~*~*~tactically~*~*~ (stealth).
  1707 | D:2      | 1707 ||| Stepping ~*~*~tactically~*~*~ (stealth).
  1713 | D:2      | 1713 ||| Stepping ~*~*~tactically~*~*~ (stealth).
  1813 | D:2      | Reached XP level 4. HP: 28/28 MP: 4/4
  2141 | D:2      | 2141 ||| Stepping ~*~*~tactically~*~*~ (hiding).
  2229 | D:2      | 2229 ||| READING scroll labelled ESUUKEVEGH.
  2230 | D:2      | 2230 ||| READING scroll labelled FUOJEO DEPEWASCH.
  2231 | D:2      | 2231 ||| READING scroll labelled GUSYIDD QUIFAR.
  2310 | D:3      | Reached skill level 4 in Axes
  2320 | D:3      | 2320 ||| Stepping ~*~*~tactically~*~*~ (stealth).
  2849 | D:3      | 2849 ||| READING scroll labelled ISAHIR QUYSOJ.
  2850 | D:3      | 2850 ||| READING 2 scrolls of identify.
  2850 | D:3      | 2850 ||| IDENTIFYING brown potion
  2851 | D:3      | 2851 ||| DROPPING potion of invisibility.
  2894 | D:4      | Noticed Dowan
  2904 | D:4      | Noticed Duvessa
  2920 | D:4      | HP: 4/28 [Duvessa/+0 short sword (4)]
  2922 | D:4      | Slain by Duvessa

Levels and vault maps discovered:
D:1:      heliophobic_arrival_enchanted_forest, layout_basic, serial_shops,
          nicolae_lakefront_shop, ebering_ecumenical_altar_hall, serial_rivers,
          chequers_serial_rivers_micro_d, chequers_serial_rivers_micro_e,
          chequers_serial_rivers_small_a, chequers_serial_rivers_room_a,
          chequers_serial_rivers_large_b, chequers_serial_rivers_large_a
D:2:      layout_loops_ring, st_stairs_2, minmay_fractal_squares_gapless_5
D:3:      layout_basic
D:4:      minmay_opposing_rooms, layout_loops_corners, uniq_duvessa, uniq_robin,
          uniq_pikel, uniq_ijyb

Skill      XL: |  1  2  3  4 |
---------------+-------------+-----
Axes           | 2 3 4 |  4.3
Fighting       | |  3.2
Armour         | |  3.2
Shields        | |  3.2

Action                   |  1- 3 |  4- 6 || total
-------------------------+-------+-------++-------
Melee: War axe           |   110 |   103 ||   213
  Use: Scroll            |     1 |     5 ||     6
Armor: Scale mail        |    15 |       ||    15
       Chain mail        |    54 |    75 ||   129
Dodge: Dodged            |    29 |    35 ||    64
Block: Buckler           |    32 |    14 ||    46

Table legend:
 A = Non-vault XP
 B = Vault XP
 C = Vault XP percentage of total XP
 D = Non-vault monster count
 E = Vault monster count
 F = Vault count percentage of total count
                 A         B        C        D         E       F
            +---------+---------+-------+---------+---------+-------
      Total |     119 |      16 |  11.9 |      50 |       7 |  12.3
            +---------+---------+-------+---------+---------+-------
        D:1 |      16 |       0 |   0.0 |      10 |       0 |   0.0
        D:2 |      65 |      16 |  19.8 |      25 |       7 |  21.9
        D:3 |      37 |       0 |   0.0 |      14 |       0 |   0.0
        D:4 |       1 |       0 |   0.0 |       1 |       0 |   0.0
            +---------+---------+-------+---------+---------+-------
